 Dungeon Crawl Stone Soup version 0.20.0-15-g7f486f2 (webtiles) character file.

16795 Monsterracer the Destroyer (level 12, -8/69 HPs)
             Began as a Deep Elf Conjurer on June 10, 2017.
             Was a Priest of Vehumet.
             Mangled by an eight-headed hydra (12 damage)
             ... on level 3 of the Lair of Beasts.
             The game lasted 00:45:18 (16348 turns).

Monsterracer the Destroyer (Deep Elf Conjurer)     Turns: 16348, Time: 00:45:19

Health: -8/69      AC:  6    Str:  7    XL:     12   Next: 13%
Magic:  26/32      EV: 17    Int: 29    God:    Vehumet [***...]
Gold:   179        SH:  0    Dex: 11    Spells: 21/34 levels left

rFire    . . .     SeeInvis +   y - +7 quarterstaff of Domination {venom, +Rage +Inv Dex-4 SInv}
rCold    + . .     Gourm    .   (shield currently unavailable)
rNeg     . . .     Faith    .   E - +2 robe {Archmagi}
rPois    .         Spirit   .   F - +1 hat {Int+3}
rElec    .         Reflect  .   (no cloak)
rCorr    .         Harm     .   (no gloves)
MR       ++...                  g - +0 pair of boots
Stlth    ++........             (no amulet)
Regen    0.3/turn               u - ring of protection from magic
MPRegen  0.3/turn               A - ring of protection from cold

@: no status effects
A: talons 1, high mp 1, strong 1
a: Renounce Religion, Evoke Berserk Rage, Evoke Invisibility


You were on level 3 of the Lair of Beasts.
You worshipped Vehumet.
Vehumet was most pleased with you.
You were not hungry.

You visited 4 branches of the dungeon, and saw 15 of its levels.

You collected 706 gold pieces.
You spent 527 gold pieces at shops.

Inventory:

Hand Weapons
 y - the +7 quarterstaff of Domination (weapon) {venom, +Rage +Inv Dex-4 SInv}
   (You found it on level 7 of the Dungeon)

   It poisons the flesh of those it strikes.
   It affects your dexterity (-4).
   It lets you see invisible.
   It lets you turn invisible.
   It lets you go berserk.
Armour
 g - a +0 pair of boots (worn)
 v - a +0 buckler
 E - a +2 robe of the Archmagi (worn)
 F - a +1 hat of intelligence (worn)
Magical Staves
 q - an uncursed staff of death
Jewellery
 u - a ring of protection from magic (left hand)
 A - a ring of protection from cold (right hand)
 B - an uncursed ring of protection from magic
 C - an uncursed ring of flight
 D - the ring "Ekhomisch" {rCorr *Corrode +Blink rN+}
   (You took it off a kobold on level 9 of the Dungeon)

   [ring of resist corrosion]

   It protects you from negative energy.
   It lets you blink.
   It may corrode you when you take damage.
Wands
 a - a wand of confusion (22/48)
 w - a wand of iceblast (7/15)
 z - a wand of acid (4/15)
Scrolls
 e - 2 scrolls of enchant weapon
 h - 2 scrolls of immolation
 i - a scroll of amnesia
 j - 2 scrolls of teleportation
 m - a scroll of fog
 n - 2 scrolls of recharging
 p - a scroll of remove curse
 t - 9 scrolls of identify
Potions
 d - 2 potions of magic
 k - a potion of haste
 l - 2 potions of mutation
 o - a potion of berserk rage
 r - 3 potions of cancellation
 s - 2 potions of curing
 G - a potion of brilliance
Comestibles
 b - 8 meat rations
 c - 13 bread rations
 f - 10 royal jellies
 x - a chunk of flesh


   Skills:
 + Level 5.9 Fighting
 + Level 9.5 Dodging
 - Level 2.4 Stealth
 + Level 11.7 Spellcasting
 * Level 13.7 Conjurations
 + Level 8.1 Hexes
 - Level 5.0 Translocations


You had 21 spell levels left.
You knew the following spells:

 Your Spells              Type           Power        Failure   Level  Hunger
a - Magic Dart            Conj           ####         0%          1    None
b - Searing Ray           Conj           ######       0%          2    None
c - Fulminant Prism       Conj/Hex       #######...   1%          4    None
d - Force Lance           Conj/Tloc      #######.     1%          4    None
e - Throw Frost           Conj/Ice       ######       1%          2    None


Dungeon Overview and Level Annotations

Branches:
Dungeon (10/15)            Temple (1/1) D:5            Lair (3/6) D:8
    Orc (1/2) D:9
  Swamp: Lair:2-4    Shoals: Lair:2-4     Snake: Lair:2-4    Spider: Lair:2-4

Altars:
Ashenzari
Cheibriados
Dithmenos
Elyvilon
Fedhas
Gozag
Hepliaklqana
Kikubaaqudgha
Makhleb
Nemelex Xobeh
Okawaru
Qazlal
Ru
Sif Muna
Trog
Uskayaw
Vehumet
Xom
Yredelemnul
Zin
The Shining One

Shops:
D:4 [   D:8 (   D:9 [

Annotations:
Lair:3 exclusion: oklob plant


Innate Abilities, Weirdness & Mutations

You have sharp toenails.
You have an increased reservoir of magic. (+10% MP)
Your muscles are strong. (Str +2)


Message History

The searing ray hits the eight-headed hydra.
The eight-headed hydra is lightly wounded. (Press . to maintain the ray.)
The searing ray hits the eight-headed hydra.
The eight-headed hydra is lightly wounded.
The searing ray hits the eight-headed hydra.
The eight-headed hydra is moderately wounded.
The eight-headed hydra bites you! x2
* * * LOW HITPOINT WARNING * * *
The eight-headed hydra completely misses you.
The eight-headed hydra bites you!
* * * LOW HITPOINT WARNING * * *
The eight-headed hydra bites you.
* * * LOW HITPOINT WARNING * * *
The eight-headed hydra bites you.
* * * LOW HITPOINT WARNING * * *
The eight-headed hydra bites you.
* * * LOW HITPOINT WARNING * * *
The eight-headed hydra bites you!
You die...

.####......## #.P.##
#...........# ##..#
##..#...##### ..##
#.#....#!## ##P..#
#....>....# ####....#
#.........# #P#.....#
+.........###..#[...##
...........#P........#.#
#.............##@D......
..........+...#.....##.#
..........######....#
#.......... #....#
.#+#.#.##### #.#.##
...## .#... .. # ##..
.##


You could see an eight-headed hydra.

Vanquished Creatures
  Gastronok (Lair:2)
  Harold (Orc:1)
  2 orc sorcerers (Orc:1)
  3 black mambas (Lair:2)
  4 spiny frogs
  2 komodo dragons
  A merfolk (D:9)
  2 trolls (D:9)
  Grinder (D:5)
  2 blink frogs
  6 hippogriffs
  Sigmund (D:5)
  A wyvern (Lair:1)
  8 yaks
  Menkaure (D:6)
  Edmund (D:4)
  6 porcupines
  Duvessa (D:4)
  8 water moccasins
  4 ice beasts
  3 orc warriors
  5 sky beasts
  A black bear (D:8)
  4 necrophages (D:9)
  2 phantoms
  5 ogres
  A centaur (D:8)
  6 wolves (Lair:1)
  A crocodile (Lair:1)
  3 big kobolds
  4 bullfrogs
  A wyvern zombie (D:8)
  Dowan (D:4)
  A water moccasin zombie (D:8)
  A scorpion (D:7)
  A wight (D:9)
  9 killer bees (D:9)
  2 electric eels
  4 crimson imps
  A quasit (D:6)
  3 bullfrog zombies
  A centaur zombie (D:6)
  2 centaur skeletons
  2 jellies (D:8)
  9 orc priests
  A gnoll shaman (D:9)
  A bullfrog skeleton (D:6)
  3 hounds
  10 orc wizards
  Natasha (thrice) (D:3)
  6 worker ants
  2 hound zombies (D:9)
  A worker ant zombie (D:8)
  9 gnolls
  7 adders
  2 oozes
  An adder skeleton (D:4)
  4 worms
  4 dart slugs
  7 leopard geckos
  36 orcs
  2 ball pythons
  2 giant cockroaches
  3 goblins
  12 hobgoblins
  9 jackals
  3 quokkas
  9 bats
  6 frilled lizards
  12 kobolds
  5 rats
  A fungus (Lair:1)
290 creatures vanquished.

Vanquished Creatures (others)
  34 fulminant prisms
  5 plants
  A withered plant (D:9)
40 creatures vanquished.

Grand Total: 330 creatures vanquished

Notes
Turn   | Place    | Note
-------+----------+-------------------------------------------
     0 | D:1      | Monsterracer the Deep Elf Conjurer began the quest for the Orb.
     0 | D:1      | Reached XP level 1. HP: 10/10 MP: 6/6
   288 | D:1      | Reached XP level 2. HP: 15/15 MP: 0/8
   297 | D:1      | Reached skill level 5 in Conjurations
   957 | D:1      | Learned a level 2 spell: Searing Ray
   994 | D:2      | Gained mutation: You have sharp toenails. [potion of mutation]
   994 | D:2      | Gained mutation: You have an increased reservoir of magic. (+10% MP) [potion of mutation]
   994 | D:2      | Gained mutation: Your muscles are strong. (Str +2) [potion of mutation]
   998 | D:2      | Reached XP level 3. HP: 19/19 MP: 2/10
  1603 | D:2      | Reached XP level 4. HP: 24/24 MP: 4/12
  1707 | D:2      | Reached skill level 6 in Conjurations
  2186 | D:2      | Learned a level 4 spell: Fulminant Prism
  2189 | D:3      | Noticed Natasha
  2192 | D:3      | Killed Natasha
  2192 | D:3      | Reached XP level 5. HP: 28/28 MP: 8/14
  2228 | D:3      | Noticed Natasha
  2301 | D:2      | Learned a level 4 spell: Force Lance
  2330 | D:3      | Killed Natasha
  2375 | D:3      | Learned a level 4 spell: Fulminant Prism
  2383 | D:3      | Noticed Natasha
  2385 | D:3      | Killed Natasha
  2385 | D:3      | Reached skill level 1 in Hexes
  2636 | D:3      | Reached skill level 7 in Conjurations
  3146 | D:4      | Noticed an ogre
  3154 | D:4      | Killed an ogre
  3154 | D:4      | Reached XP level 6. HP: 32/32 MP: 11/16
  3194 | D:4      | Noticed Edmund
  3205 | D:4      | Killed Edmund
  3205 | D:4      | Reached skill level 5 in Spellcasting
  3533 | D:4      | Found Huvywutt's Armour Shoppe.
  3550 | D:5      | Entered Level 5 of the Dungeon
  3602 | D:5      | Reached XP level 7. HP: 28/36 MP: 1/18
  3822 | D:5      | Reached skill level 8 in Conjurations
  4356 | D:4      | Noticed Duvessa
  4356 | D:4      | Noticed Dowan
  4361 | D:4      | Killed Duvessa
  4364 | D:4      | Killed Dowan
  5322 | D:5      | Noticed Sigmund
  5325 | D:5      | Killed Sigmund
  5325 | D:5      | Reached skill level 9 in Conjurations
  5325 | D:5      | Reached XP level 8. HP: 30/41 MP: 14/21
  5429 | D:5      | Found a staircase to the Ecumenical Temple.
  5429 | D:5      | Noticed Grinder
  5445 | D:5      | Killed Grinder
  5547 | Temple   | Entered the Ecumenical Temple
  5967 | D:5      | Found a sacrificial altar of Ru.
  6073 | D:5      | You fall through a shaft!
  6288 | D:6      | Noticed Menkaure
  6290 | D:6      | Killed Menkaure
  6290 | D:6      | Reached skill level 10 in Conjurations
  6350 | D:6      | Reached skill level 1 in Fighting
  7108 | D:7      | Reached skill level 1 in Translocations
  7375 | D:7      | Reached XP level 9. HP: 34/48 MP: 20/25
  7496 | D:7      | Got a polished quarterstaff
  7497 | D:7      | Identified the +7 quarterstaff of Domination {venom, +Rage +Inv Dex-4 SInv} (You found it on level 7 of the Dungeon)
  7685 | D:7      | Reached skill level 5 in Hexes
  7742 | D:7      | Found a shattered altar of Ashenzari.
  7852 | D:7      | Found a hide-covered altar of Uskayaw.
  7922 | D:7      | Found a burning altar of Makhleb.
  7926 | D:7      | Found a radiant altar of Vehumet.
  7986 | D:7      | Became a worshipper of Vehumet
  8103 | D:7      | Reached skill level 5 in Dodging
  8953 | D:8      | Found a staircase to the Lair.
  8958 | D:8      | Found a deep blue altar of Sif Muna.
  9057 | D:8      | Found Qipod's Weapon Shoppe.
  9119 | D:8      | Found a shimmering altar of Xom.
  9120 | D:8      | Found a white marble altar of Elyvilon.
  9436 | D:8      | Reached * piety under Vehumet
  9436 | D:8      | Offered knowledge of Sandblast by Vehumet.
  9762 | D:8      | Found a stormy altar of Qazlal.
  9816 | D:8      | Reached skill level 11 in Conjurations
 10069 | D:9      | Noticed a troll
 10080 | D:9      | Killed a troll
 10080 | D:9      | Reached XP level 10. HP: 56/56 MP: 15/27
 10618 | D:9      | Found Doir's Armour Shop.
 10627 | D:9      | Offered knowledge of Shock by Vehumet.
 10627 | D:9      | Reached ** piety under Vehumet
 10985 | D:9      | Got a twitching marble ring
 10986 | D:9      | Identified the ring "Ekhomisch" {rCorr *Corrode +Blink rN+} (You took it off a kobold on level 9 of the Dungeon)
 11191 | D:9      | Reached skill level 10 in Spellcasting
 11220 | D:9      | Found a staircase to the Orcish Mines.
 11797 | D:10     | Entered Level 10 of the Dungeon
 12149 | D:10     | Reached skill level 12 in Conjurations
 12587 | D:10     | Noticed a death knight
 12587 | D:10     | Offered knowledge of Throw Frost by Vehumet.
 12637 | D:9      | Learned a level 2 spell: Throw Frost
 12689 | Lair:1   | Entered Level 1 of the Lair of Beasts
 12689 | Lair:1   | Noticed a spiny frog
 12698 | Lair:1   | Killed a spiny frog
 12790 | Orc:1    | Entered Level 1 of the Orcish Mines
 12790 | Orc:1    | Noticed an orc sorcerer
 12793 | Orc:1    | Noticed a soul eater
 12797 | Orc:1    | Killed an orc sorcerer
 12797 | Orc:1    | Reached XP level 11. HP: 40/62 MP: 13/30
 12879 | Orc:1    | Noticed an orc sorcerer
 12888 | Orc:1    | Killed an orc sorcerer
 12889 | Orc:1    | Noticed Harold
 12908 | Orc:1    | Killed Harold
 13128 | D:9      | Bought a +2 robe of the Archmagi for 527 gold pieces
 13596 | Lair:1   | Reached *** piety under Vehumet
 14227 | Lair:2   | Reached skill level 5 in Fighting
 14233 | Lair:2   | Noticed Gastronok
 14513 | Lair:1   | Reached skill level 13 in Conjurations
 15073 | Lair:2   | Killed Gastronok
 15073 | Lair:2   | Offered knowledge of Inner Flame by Vehumet.
 15587 | Lair:2   | Reached skill level 5 in Translocations
 15596 | Lair:2   | Reached XP level 12. HP: 58/69 MP: 27/32
 16343 | Lair:3   | Noticed an eight-headed hydra
 16348 | Lair:3   | Mangled by an eight-headed hydra

Skill      XL: |  1  2  3  4  5  6  7  8  9 10 11 |
---------------+----------------------------------+-----
Conjurations   | 5 6 7 9 10 11 12 13 | 13.7
Spellcasting   | 4 5 6 8 9 10 11 | 11.7
Hexes          | 2 3 4 5 6 8 |  8.1
Fighting       | 2 3 4 5 |  5.9
Dodging        | 4 6 7 9 |  9.5
Translocations | 2 3 4 5 |  5.0
Stealth        | |  2.4

Action                   |  1- 3 |  4- 6 |  7- 9 | 10-12 || total
-------------------------+-------+-------+-------+-------++-------
Melee: Dagger            |    12 |     4 |       |       ||    16
       Morningstar       |       |     2 |       |       ||     2
       Falchion          |       |       |     9 |       ||     9
       Quarterstaff      |       |       |    10 |     8 ||    18
 Cast: Magic Dart        |    58 |    58 |    78 |    52 ||   246
       Searing Ray       |     5 |    13 |    50 |    86 ||   154
       Fulminant Prism   |       |       |    15 |    19 ||    34
       Force Lance       |       |       |     5 |    30 ||    35
       Throw Frost       |       |       |       |    12 ||    12
  Use: Potion            |     6 |     2 |     3 |     1 ||    12
       Scroll            |       |     8 |     5 |     7 ||    20
  Eat: Chunk             |     2 |     6 |    21 |    17 ||    46
       Fruit             |       |       |       |     3 ||     3
Armor: Robe              |     3 |       |    13 |    26 ||    42
Dodge: Dodged            |    15 |    19 |    54 |   137 ||   225
       Rpst.: Falchion   |       |       |     7 |       ||     7
